Map: Magannatha LE

Players

Angst

  • Race: Zerg Zerg
  • League: Gold
  • Spawn Location: 11:00

Sindyr - Winner!

  • Race: Zerg Zerg
  • League: Master
  • Spawn Location: 5:00

VOD

Have the link to the VOD?

Description

Time

  • Played on: Oct. 14, 2025, 11:28 a.m.
  • Length: 11:15
Show
View Real Time Build Order
Export as new Build Order

Angst Zerg 

Build Orders: Pool First 

Get SALT Encoding   

  12  0:19  Overlord  
  12  0:29  Spawning Pool  
  12  0:30  Drone  
  12  0:38  Drone  
  12  0:42  Drone  
  14  0:45  Drone  
  16  0:57  Drone  
  16  1:01  Extractor  
  15  1:18  Drone  
  16  1:21  Drone  
  16  1:23  Hatchery  
  16  1:28  Drone  
  17  1:35  Drone  
  18  1:45  Drone  
  19  1:49  Queen  
  21  1:59  Drone  
  22  2:08  Overlord  
  22  2:29  Drone x2  
  24  2:32  Hatchery  
  24  2:36  Drone  
  24  2:52  Metabolic Boost  
  24  2:54  Zergling x6  
  27  2:58  Drone  
  27  3:06  Queen  
  27  3:12  Drone  
  30  3:19  Zergling x2  
  31  3:23  Drone x3  
  34  3:34  Zergling x2  
  34  3:36  Drone  
  34  3:41  Lair  
  36  3:46  Evolution Chamber  
  36  3:47  Zergling x6  
  38  3:51  Drone  
  39  4:00  Drone  
  39  4:01  Drone x2  
  42  4:10  Extractor  
  42  4:12  Drone, Overlord  
  42  4:28  Overlord  
  41  4:32  Zergling x4  
  41  4:33  Zergling x2  
  41  4:37  Drone x2  
  41  4:38  Drone x2  
  48  4:39  Zergling x2  
  48  4:45  Overlord  
  49  4:48  Drone  
  49  4:51  Zerg Melee Weapons Level 1  
  49  4:52  Roach Warren  
  49  4:56  Drone x4  
  49  4:57  Drone, Spine Crawler  
  49  4:59  Drone x2  
  55  5:00  Drone  
  55  5:02  Drone  
  57  5:07  Queen  
  57  5:14  Drone  
  60  5:15  Hydralisk Den  
  60  5:16  Drone  
  60  5:18  Drone  
  61  5:31  Roach Warren  
  61  5:32  Drone x2  
  61  5:34  Infestation Pit  
  61  5:35  Zergling x8  
  65  5:39  Overlord  
  65  5:44  Glial Reconstitution  
  65  5:56  Overseer  
  65  5:59  Zergling x12  
  65  6:00  Zergling x4  
  65  6:03  Overlord x3  
  73  6:11  Hive  
  73  6:17  Grooved Spines  
  73  6:23  Extractor  
  73  6:25  Drone, Zergling x6, Extractor  
  74  6:26  Zergling x12  
  74  6:28  Tunneling Claws  
  81  6:33  Drone  
  81  6:34  Drone x2  
  84  6:41  Zergling x4  
  84  6:43  Queen  
  84  6:46  Spine Crawler  
  87  6:50  Drone  
  87  6:51  Zergling x2  
  87  6:52  Zergling x2, Spine Crawler  
  89  6:55  Hydralisk  
  89  6:59  Pneumatized Carapace  
  91  7:04  Evolution Chamber  
  90  7:09  Drone  
  90  7:13  Zergling x12  
  90  7:14  Extractor  
  96  7:22  Zergling x2  
  97  7:26  Overlord x2  
  97  7:27  Overlord  
  97  7:37  Overlord x3  
  97  7:43  Muscular Augments  
  97  7:52  Overseer  
  97  7:56  Hydralisk, Zergling x2  
  100  7:59  Hatchery  
  100  8:02  Drone  
  100  8:03  Drone x6  
  100  8:04  Drone x2, Extractor  
  107  8:06  Drone  
  107  8:08  Overlord x2  
  108  8:15  Hydralisk x2  
  112  8:20  Zerg Missile Weapons Level 1  
  112  8:23  Overlord  
  112  8:36  Zerg Melee Weapons Level 2  
  112  8:39  Infestor x2  
  112  8:40  Overlord x2  
  116  8:45  Drone x2  
  116  8:46  Drone  
  119  8:49  Drone x4  
  123  9:03  Hydralisk x2  
  123  9:04  Hydralisk  
  123  9:06  Infestor  
  131  9:12  Drone  
  131  9:16  Zergling x4, Roach x2  
  140  9:17  Roach  
  140  9:26  Extractor, Queen, Baneling Nest  
  140  9:28  Hydralisk  
  140  9:29  Drone x2  
  144  9:32  Drone  
  145  9:42  Hydralisk x4  
  153  9:55  Overlord x2  
  153  10:00  Hatchery  
  153  10:01  Drone x2  
  153  10:02  Drone  
  153  10:05  Zergling x6  
  153  10:06  Zergling x4  
  118  10:23  Hydralisk  
  118  10:24  Hydralisk x6  
  118  10:32  Zergling x14  
  115  10:39  Zergling x6  
  115  10:40  Zergling x6  
  113  10:43  Zergling x2  
  98  10:53  Zergling x2  
  98  10:54  Zergling x12  
  86  11:00  Spine Crawler  
Show
View Real Time Build Order
Export as new Build Order

Sindyr Zerg - Winner!

Build Orders: Hatch First, Roach Hydra 

Get SALT Encoding   

  12  0:03  Drone  
  13  0:12  Drone  
  14  0:17  Extractor  
  14  0:18  Drone  
  14  0:23  Overlord  
  14  0:46  Drone x2  
  16  1:01  Hatchery  
  15  1:06  Drone  
  15  1:07  Drone  
  18  1:11  Drone  
  18  1:29  Spawning Pool  
  18  1:32  Drone  
  18  1:36  Drone  
  19  1:57  Drone x2  
  21  2:02  Extractor  
  21  2:05  Overlord  
  20  2:18  Queen  
  20  2:20  Queen  
  24  2:30  Drone x2  
  24  2:34  Drone  
  27  2:38  Drone  
  27  2:39  Drone  
  27  2:40  Drone  
  30  2:45  Drone  
  31  3:15  Lair  
  31  3:17  Roach Warren  
  30  3:21  Evolution Chamber  
  30  3:22  Drone x2  
  30  3:23  Drone  
  32  3:47  Drone  
  32  3:48  Drone x3  
  36  3:52  Overlord x2  
  36  4:03  Zerg Missile Weapons Level 1  
  36  4:16  Roach x8  
  52  4:18  Glial Reconstitution  
  52  4:23  Metabolic Boost  
  51  4:29  Overlord  
  51  4:41  Hatchery  
  50  4:50  Drone x2  
  50  4:51  Drone x4  
  56  4:59  Evolution Chamber  
  55  5:01  Overlord  
  55  5:03  Overseer  
  55  5:09  Extractor, Drone  
  55  5:10  Extractor  
  55  5:11  Drone x3  
  55  5:12  Drone  
  58  5:15  Drone  
  59  5:27  Zerg Ground Armor Level 1  
  59  5:30  Drone  
  59  5:31  Drone x2  
  59  5:35  Drone  
  63  5:40  Drone  
  64  5:49  Overlord x2  
  64  6:01  Zerg Missile Weapons Level 2  
  64  6:07  Roach x3  
  64  6:08  Roach x2, Queen  
  64  6:09  Drone  
  64  6:10  Drone x2  
  64  6:11  Drone  
  80  6:13  Drone  
  80  6:14  Drone  
  82  6:34  Roach  
  82  6:35  Roach x3  
  82  6:37  Overlord x2, Infestation Pit  
  89  6:49  Drone  
  90  7:03  Drone x6  
  90  7:04  Drone x5  
  90  7:05  Drone x2  
  103  7:09  Extractor x2  
  103  7:11  Hydralisk Den  
  100  7:16  Hive  
  100  7:23  Drone x3  
  100  7:24  Drone  
  104  7:34  Overlord x3  
  104  7:35  Overlord  
  104  7:51  Zerg Ground Armor Level 2  
  104  7:55  Muscular Augments  
  104  7:59  Hydralisk x3  
  104  8:00  Hydralisk, Roach x6  
  104  8:02  Roach, Hatchery  
  104  8:04  Roach  
  127  8:06  Roach  
  127  8:07  Roach  
  131  8:59  Grooved Spines  
  131  9:12  Overlord x4  
  131  9:13  Overlord x6  
  131  9:25  Queen  
  133  9:33  Hydralisk  
  133  9:34  Hydralisk x7, Roach x3  
  133  9:35  Hydralisk x2, Roach x7  
  171  10:17  Hydralisk x4  
  171  10:18  Roach x5, Hydralisk x6  
  171  10:19  Roach x4  
  149  10:53  Unknown  
Tags
 
Composition
Roach Hydra
Matchup
ZvZ
Race
Zerg
Replay Pack
Multiplayer
Spawn Locations
Cross Positions
Add a new tag
Caveats
  • Supply blocks, unpowered buildings, or Contaminate may cause inaccurate times.
  • Supply counts are checked every 10 seconds.